 Dungeon Crawl Stone Soup version 0.30-a0-989-g0d87f670db (webtiles) character file.

Game seed: 5552145102556075605

4559 cheesebisquit the Fighter (level 10, -8/81 HPs)
             Began as a Djinni Fire Elementalist on Apr 3, 2023.
             Mangled by a yak (12 damage)
             ... on level 7 of the Dungeon.
             The game lasted 00:33:43 (8564 turns).

cheesebisquit the Fighter (DjFE)                    Turns: 8564, Time: 00:33:43

Health: -8/81      AC:  4    Str:  7      XL:     10   Next: 67%
Gold:   310        EV: 12    Int: 20 (21) God:
                   SH:  0    Dex: 14

rFire   + + +      SeeInvis .    j - staff of fire
rCold   x . .      Faith    .    (no shield)
rNeg    . . .      Spirit   .    a - +0 robe
rPois   ∞          Reflect  .    c - +0 helmet
rElec   .          Rampage  .    (no cloak)
rCorr   .          Rage     3%   (no gloves)
Will    ++...                    (boots unavailable)
Stlth   ++                       B - amulet of regeneration
HPRegen 1.13/turn                (no ring)
MPRegen 0.00/turn                (no ring)

@: freezing walls, flying
A: sickness immunity, fire resistance 2, cold vulnerability 1, float, innate
caster, HP casting, extra vitality 1, berserk 1, deterioration 1, strong-willed
1, shaggy fur 1
a: no special abilities


You were on level 7 of the Dungeon.
You visited 2 branches of the dungeon, and saw 9 of its levels.
You also visited: Ossuary.

You collected 310 gold pieces.

Inventory:

Hand Weapons
 t - a +1 great mace of protection
Missiles
 b - 16 boomerangs
 e - 13 poisoned darts
 C - 20 boomerangs of dispersal
Armour
 a - a +0 robe (worn)
 c - a +0 helmet (worn)
 z - a +0 tower shield
 D - a +0 chain mail of cold resistance
Magical Staves
 j - a staff of fire (weapon)
Jewellery
 B - an amulet of regeneration (around neck)
Wands
 f - a wand of polymorph (3)
 i - a wand of roots (3)
 l - a wand of mindburst (14)
 x - a wand of charming (19)
Scrolls
 h - 2 scrolls of vulnerability
 m - 2 scrolls of teleportation
 o - a scroll of magic mapping
 p - 3 scrolls of immolation {unknown}
 s - a scroll of enchant armour {unknown}
 v - a scroll of torment {unknown}
 y - a scroll of blinking
 E - a scroll of poison {unknown}
 F - a scroll of silence {unknown}
Potions
 d - a potion of might
 g - 3 potions of resistance
 k - 5 potions of cancellation
 n - a potion of curing
 q - a potion of degeneration
 r - 3 potions of attraction
 w - a potion of lignification
 A - 2 potions of brilliance {unknown}


   Skills:
 + Level 10.5 Fighting
 - Level 2.1 Dodging
 - Level 1.5 Stealth
 + Level 8.5 Spellcasting


You knew the following spells:

 Your Spells              Type           Power      Damage    Failure   Level
a - Foxfire               Conj/Fire      100%       2x1d6     1%          1
b - Frozen Ramparts       Ice            84%        1d13      1%          3
c - Kindle Blastsparks    Fire/Tloc/Air  100%       2d18      1%          3
d - Inner Flame           Hex/Fire       59%        N/A       1%          3
e - Flame Wave            Conj/Fire      59%        2d14      2%          4
f - Sting                 Tmut/Pois      100%       1d8       1%          1
g - Momentum Strike       Conj/Tloc      84%        3d10      1%          2
h - Vampiric Draining     Necr           42%        2d9       1%          3
z - Scorch                Fire           100%       2d10      1%          2
Your spell library was empty.

Dungeon Overview and Level Annotations

Branches:
Dungeon (8/15)             Temple (1/1) D:7         Ossuary (visited)
   Lair: D:8-11

Altars:
Cheibriados
Elyvilon
Fedhas
Gozag
Hepliaklqana
Makhleb
Nemelex Xobeh
Okawaru
Qazlal
Ru
Trog
Uskayaw
Wu Jian
Xom
Yredelemnul
Zin
The Shining One


Innate Abilities, Weirdness & Mutations

You are immune to sickness and miasma.
You are immune to poison.
Your flesh is very heat resistant. (rF++)
You are vulnerable to cold. (rC-)
You float through the air rather than walking.
You learn spells naturally, not from books.
Your magical power is your life essence.
You have superior vitality. (+4 MHP)
You sometimes lose your temper in combat.
Your body sometimes deteriorates upon taking damage.
You are strong-willed. (Will+)
You are covered in fur. (AC +1)


Message History

Casting: Frozen Ramparts (safe; 1% risk of failure)
Confirm with . or Enter, or press ? or * to list all spells.
You feel a surge of power!
Flames lash the yak.
The yak is moderately wounded.
The yak's fire resistance burns away.
The wall freezes the yak.
The yak barely misses you.
The wall freezes the yak.
The yak barely misses you.
Casting: Scorch (safe; 1% risk of failure)
Confirm with . or Enter, or press ? or * to list all spells.
You feel a surge of power!
Flames lash the yak.
The yak is burned terribly!
The yak is almost dead.
The wall freezes the yak.
The yak barely misses you.
The wall freezes the yak.
The yak gores you.
Casting: Scorch (safe; 1% risk of failure)
Confirm with . or Enter, or press ? or * to list all spells.
You feel a surge of power!
Flames lash the yak.
The yak is moderately wounded.
The yak's fire resistance burns away.
The wall freezes the yak but does no damage.
The yak gores you!
* * * LOW HITPOINT WARNING * * *
The wall freezes the yak.
The yak misses you.
Casting: Scorch (safe; 1% risk of failure)
Confirm with . or Enter, or press ? or * to list all spells.
You feel a surge of power!
Flames lash the yak.
The yak is burned terribly!
The yak is heavily wounded.
* * * LOW HITPOINT WARNING * * *
The wall freezes the yak!
The yak gores you!
* * * LOW HITPOINT WARNING * * *
The wall freezes the yak!
You kill the yak!
Casting: Scorch (safe; 1% risk of failure)
Confirm with . or Enter, or press ? or * to list all spells.
You don't know that spell.
Casting: Scorch (safe; 1% risk of failure)
Confirm with . or Enter, or press ? or * to list all spells.
You don't have enough health to cast this spell.
You hit the yak but do no damage.
The yak is almost dead.
The wall freezes the yak!
The yak gores you!
You die...

#.#####... #.# #### #.#
#.# #.# ## #.# ####.
#.####....
#########...##...#
#@...............#
#Y#########.##...# #.#
######.##.... ######.#
#.........###
#...##.####.####.####
####............###.######
#.........####............
#.###.##### #.##......>.#
#.# #.# #.##.#.####.#


You could see a yak (combustible).

Vanquished Creatures
  9 yaks
  Eustachio (D:4)
  A water moccasin (D:7)
  4 black bears
  2 orc warriors
  4 ogres
  A centaur (D:6)
  2 phantoms (D:5)
  2 kobold brigands (D:7)
  3 bullfrogs
  4 water moccasin zombies (Ossuary)
  3 scorpions
  3 electric eels (D:6)
  4 hounds
  2 jellies
  5 orc priests
  3 sleepcaps
  3 iguanas
  Ijyb (D:3)
  Natasha (thrice) (D:4)
  6 orc wizards
  3 mummies
  Robin (D:4)
  9 adders
  3 white imps
  4 adder zombies (Ossuary)
  2 worms
  2 dart slugs (D:1)
  35 orcs
  5 ball pythons
  2 endoplasms
  2 giant cockroaches
  17 goblins
  4 hobgoblins
  6 jackals (D:2)
  6 quokkas
  2 bats
  A frilled lizard (D:1)
  3 gnoll zombies (Ossuary)
  4 hobgoblin zombies (Ossuary)
  13 kobolds
  6 kobold zombies (Ossuary)
  6 orc zombies (Ossuary)
  3 rats
205 creatures vanquished.

Vanquished Creatures (others)
  441 foxfires
  2 withered plants (D:4)
443 creatures vanquished.

Grand Total: 648 creatures vanquished

Notes
Turn   | Place    | Note
-------+----------+-------------------------------------------
     0 | D:1      | cheesebisquit the Djinni Fire Elementalist began the quest
                  | for the Orb.
     0 | D:1      | cheesebisquit set off with the following spells memorised:
                  | Foxfire, Scorch, Kindle Blastsparks, Inner Flame, Flame
                  | Wave.
     0 | D:1      | Reached XP level 1. HP: 15/15 MP: 0/0
   103 | D:1      | Reached XP level 2. HP: 22/22 MP: 0/0
   116 | D:1      | Reached skill level 1 in Fighting
   478 | D:1      | Reached XP level 3. HP: 22/27 MP: 0/0
   478 | D:1      | Learned a level 1 spell: Sting
   802 | D:2      | Reached skill level 2 in Fighting
   851 | D:2      | Reached XP level 4. HP: 30/33 MP: 0/0
  1996 | D:3      | Gained mutation: Your body sometimes deteriorates upon
                  | taking damage. [potion of mutation]
  1996 | D:3      | Gained mutation: You sometimes lose your temper in combat.
                  | [potion of mutation]
  1996 | D:3      | Gained mutation: You are strong-willed. (Will+) [potion of
                  | mutation]
  1996 | D:3      | Gained mutation: You are covered in fur. (AC +1) [potion of
                  | mutation]
  2027 | D:3      | Reached XP level 5. HP: 21/40 MP: 0/0
  2027 | D:3      | Learned a level 2 spell: Momentum Strike
  2215 | D:3      | Reached skill level 3 in Fighting
  2313 | D:3      | Noticed Ijyb
  2322 | D:3      | Killed Ijyb
  2411 | D:3      | Found a blossoming altar of Fedhas.
  2827 | D:4      | Reached XP level 6. HP: 40/46 MP: 0/0
  2923 | D:4      | Noticed Natasha
  2927 | D:4      | Killed Natasha
  2960 | D:4      | Noticed an ogre
  2965 | D:4      | Killed an ogre
  2966 | D:4      | Reached skill level 4 in Fighting
  3044 | D:4      | Noticed Eustachio
  3067 | D:4      | Killed Eustachio
  3068 | D:4      | Reached XP level 7. HP: 22/53 MP: 0/0
  3068 | D:4      | Learned a level 3 spell: Frozen Ramparts
  3244 | D:4      | Noticed Natasha
  3251 | D:4      | Killed Natasha
  3316 | D:4      | Identified a scroll of acquirement
  3317 | D:4      | Acquired a staff of fire
  3404 | D:4      | Found a sand-covered staircase.
  3414 | Ossuary  | Entered an ossuary
  3471 | Ossuary  | Reached skill level 5 in Fighting
  3733 | Ossuary  | Reached skill level 5 in Spellcasting
  3741 | Ossuary  | Reached XP level 8. HP: 26/61 MP: 0/0
  4047 | D:4      | Noticed Robin
  4059 | D:4      | Killed Robin
  4376 | D:4      | Noticed Natasha
  4383 | D:4      | Killed Natasha
  4432 | D:4      | Reached skill level 6 in Fighting
  4502 | D:4      | Found a sparkling altar of Nemelex Xobeh.
  4611 | D:5      | Entered Level 5 of the Dungeon
  4642 | D:5      | Noticed a yak
  4642 | D:5      | Noticed a yak
  4642 | D:5      | Noticed a yak
  4642 | D:5      | Noticed a yak
  4642 | D:5      | Noticed a yak
  4775 | D:5      | Found a glowing silver altar of Zin.
  4869 | D:5      | Killed a yak
  4872 | D:5      | Killed a yak
  4873 | D:5      | Reached skill level 7 in Fighting
  4873 | D:5      | Reached XP level 9. HP: 21/68 MP: 0/0
  4873 | D:5      | Learned a level 3 spell: Vampiric Draining
  5469 | D:5      | Reached skill level 8 in Fighting
  5526 | D:5      | Found an ornate altar of the Wu Jian Council.
  5526 | D:5      | Found a basalt altar of Yredelemnul.
  5953 | D:6      | Found a snail-covered altar of Cheibriados.
  6046 | D:6      | HP: 3/71 [electric eel/bolt of electricity (13)]
  6254 | D:6      | Reached skill level 9 in Fighting
  6520 | D:6      | Reached XP level 10. HP: 73/78 MP: 0/0
  7470 | D:7      | Found a staircase to the Ecumenical Temple.
  7479 | Temple   | Entered the Ecumenical Temple
  7741 | D:7      | Reached skill level 10 in Fighting
  8563 | D:7      | HP: 2/81 [yak (11)]
  8564 | D:7      | Mangled by a yak

Illustrated notes

Levels and vault maps discovered:
D:1:      onia_arrival_mini_spirals, layout_basic
D:2:      layout_loops_corners
D:3:      layout_loops_ring, fedhas_altar_1, uniq_ijyb
D:4:      layout_basic, kiku_gazebo_garden_becter,
          nicolae_overflow_crystal_walls, gup_ossuary_entry_pyramid,
          chequers_serial_rivers_small_3, minivault_5, uniq_eustachio,
          uniq_robin, uniq_natasha
D:5:      layout_loops_ring, gammafunk_temple_overflow_wave,
          mainiacjoe_overflow_divided_tiny
D:6:      layout_basic, mainiacjoe_overflow_catwalk, minmay_fountain_box,
          minivault_14, minivault_23, minmay_manual_mandibuliform
D:7:      layout_loops_ring, minmay_temple_entry_statues,
          minmay_unpleasant_kobolds
D:8:      layout_cave_pools
Temple:   minmay_temple_bridge_abc

Skill      XL: |  1  2  3  4  5  6  7  8  9 10 |
---------------+-------------------------------+-----
Fighting       | 1 2 3 4 5 7 9 10 | 10.5
Spellcasting   | 3 4 5 6 7 8 |  8.5
Dodging        | |  2.1
Stealth        | |  1.5

Action                     |  1- 3 |  4- 6 |  7- 9 | 10-12 || total
---------------------------+-------+-------+-------+-------++-------
  Melee: Unarmed           |    17 |    71 |       |       ||    88
         Staff             |       |       |     4 |     1 ||     5
   Cast: Foxfire           |    38 |    65 |   102 |    52 ||   257
         Scorch            |       |    17 |    84 |    37 ||   138
         Frozen Ramparts   |       |       |    17 |    23 ||    40
    Use: Potion            |       |     5 |     3 |     1 ||     9
         Scroll            |       |     5 |     9 |     2 ||    16
 Armour: Robe              |     4 |    23 |    18 |     6 ||    51
  Dodge: Dodged            |    23 |    83 |    56 |    35 ||   197

Table legend: (Time is in decaauts)
 A = Elapsed time spent in this place.
 B = Non-inter-level travel time spent in this place.
 C = Inter-level travel time spent in this place.
 D = Time resting spent in this place.
 E = Time spent auto-exploring this place.
 F = Levels seen in this place.
 G = Mean time per level.
                   A        B        C        D        E       F      G
               +--------+--------+--------+--------+--------+-----+--------+
         Total |   8527 |   7809 |    718 |    314 |   6180 |  10 |  852.7 |
       Dungeon |   7797 |   7093 |    704 |    314 |   5557 |   8 |  974.6 |
        Temple |    149 |    135 |     14 |      0 |    129 |   1 |  149.0 |
       Ossuary |    580 |    580 |      0 |      0 |    494 |   1 |  580.0 |
               +--------+--------+--------+--------+--------+-----+--------+

Top non-repeatable levels by time:
     D:4: 1419 daAuts
     D:2: 1291 daAuts
     D:6: 1231 daAuts
     D:7: 1146 daAuts
     D:5: 1131 daAuts
     D:3: 853 daAuts
     D:1: 639 daAuts
 Ossuary: 580 daAuts
  Temple: 149 daAuts
     D:8: 84 daAuts
